 Dungeon Crawl Stone Soup version 0.22.1-6-g1668fe2c40 (webtiles) character file.

177 LabCoat the Chopper (level 5, -11/47 HPs)
             Began as a Hill Orc Fighter on Jan 24, 2019.
             Killed by divine providence
             ... invoked by an orc priest
              (18 damage)
             ... on level 3 of the Dungeon.
             The game lasted 00:15:36 (2176 turns).

LabCoat the Chopper (Hill Orc Fighter)              Turns: 2176, Time: 00:15:37

Health: -11/47     AC:  8    Str: 19    XL:     5   Next: 57%
Magic:  5/5        EV:  7    Int:  8    God:
Gold:   114        SH:  9    Dex: 11    Spells: 4/4 levels left

rFire    . . .     SeeInvis .   a - +0 war axe
rCold    . . .     Gourm    .   c - +0 shield
rNeg     + . .     Faith    .   b - +0 scale mail
rPois    .         Spirit   .   (no helmet)
rElec    .         Reflect  .   (no cloak)
rCorr    .         Harm     +   (no gloves)
MR       .....                  k - +0 pair of boots (curse)
Stlth    ..........             e - amulet of harm
HPRegen  0.15/turn              l - ring of positive energy
MPRegen  0.09/turn              (no ring)

@: no status effects
A: no striking features
a: Convert to Beogh


You were on level 3 of the Dungeon.
You were not hungry.

You visited 1 branch of the dungeon, and saw 3 of its levels.

You collected 114 gold pieces.

Inventory:

Hand Weapons
 a - a +0 war axe (weapon)
 o - a +0 arbalest
Missiles
 h - 13 tomahawks (quivered)
 n - 6 javelins
Armour
 b - a +0 scale mail (worn)
 c - a +0 shield (worn)
 k - a cursed +0 pair of boots (worn)
Jewellery
 e - an amulet of harm (around neck)
 l - a ring of positive energy (left hand)
Scrolls
 q - a scroll of fog
Potions
 g - a potion of brilliance {unknown}
 i - 2 potions of agility
 j - a potion of flight
 m - a potion of heal wounds {unknown}
 p - a potion of lignification {unknown}
 t - 3 potions of curing {unknown}
Comestibles
 f - 4 rations
 s - 5 chunks of flesh


   Skills:
 + Level 4.3 Fighting
 * Level 5.6 Axes
 + Level 3.9 Armour
 + Level 4.1 Shields


You had 4 spell levels left.
You didn't know any spells.
Your spell library was empty.

Dungeon Overview and Level Annotations

Branches:
Dungeon (3/15)

Altars:
Elyvilon
Gozag
Ru
Wu Jian
Xom
The Shining One

Shops:
D:2 *


Message History

* * * LOW HITPOINT WARNING * * *
You barely miss the orc. You block the orc's attack.
A rat comes into view.
Items here: )) [[ ††† An orc and an orc priest come into view.
The orc priest shouts, "Surrender to Beogh and we'll let you live!" (press Y on the ability menu to convert to Beogh)
The orc shouts!
You see here a buckler.
You slash the orc!
You kill the orc!
The orc priest calls down the wrath of Beogh upon you.
You barely resist.
Things that are here:
a flail; a ring mail The orc drinks a potion.
The orc suddenly seems more resistant.
You feel a little less mighty now.
The orc priest invokes the aid of Beogh against you.
Beogh smites you!
You die...

,,,,******,#..,r..,,*#..........#
,,,,* *,****#.#*,*#..........#
,**** *,* #.#*,*#..........# ,*
*,** #.#*,*#####....... ,*
*****,,***#.#*,* #....... ,*
*,,,,,,,,,#)#*,*****#....... ,*
*,........#.#,,,,,,*#....... ,*
*,........#[#,,,,,,*#####.## **
*,........#@#,,,,,,######.#
*,........#.#,,,,,,,....#+##
*,........#.#,,,,,,**#......
*,........#.#,,,,,,* #......
*,........#o#******* #......
********#...# ###......
##.o########........
#..>...o)o..........
#......#####...)####


You could see an orc priest and an orc.

Vanquished Creatures
  An orc wizard (D:3)
  5 adders
  4 dart slugs (D:1)
  2 leopard geckos (D:2)
  10 orcs (D:3)
  2 ball pythons (D:1)
  4 giant cockroaches
  9 goblins
  5 hobgoblins
  7 jackals
  6 kobolds
  9 bats
  10 frilled lizards
  10 rats
84 creatures vanquished.

Notes
Turn   | Place    | Note
-------+----------+-------------------------------------------
     0 | D:1      | LabCoat the Hill Orc Fighter began the quest for the Orb.
     0 | D:1      | Reached XP level 1. HP: 19/19 MP: 1/1
    99 | D:1      | Reached XP level 2. HP: 27/27 MP: 2/2
   177 | D:1      | Reached skill level 3 in Axes
   301 | D:1      | Reached XP level 3. HP: 31/33 MP: 3/3
  1068 | D:2      | Reached XP level 4. HP: 40/40 MP: 4/4
  1079 | D:2      | Reached skill level 4 in Axes
  1229 | D:2      | Found a glowing golden altar of the Shining One.
  1621 | D:2      | Found Gozag's Platinum Reserve.
  1623 | D:2      | Found an opulent altar of Gozag.
  1989 | D:3      | Found an ornate altar of the Wu Jian Council.
  1996 | D:3      | Found a shimmering altar of Xom.
  1996 | D:3      | Found a white marble altar of Elyvilon.
  1996 | D:3      | Found a sacrificial altar of Ru.
  2005 | D:3      | Reached XP level 5. HP: 46/46 MP: 5/5
  2110 | D:3      | Reached skill level 5 in Axes
  2176 | D:3      | Killed from afar by an orc priest

Skill      XL: |  1  2  3  4  5 |
---------------+----------------+-----
Fighting       | 4 |  4.3
Axes           | 3 4 5 |  5.6
Shields        | 4 |  4.1
Armour         | |  3.9

Action                   |  1- 3 |  4- 6 || total
-------------------------+-------+-------++-------
Melee: War axe           |   116 |   142 ||   258
Throw: Tomahawk          |       |     3 ||     3
  Use: Scroll            |     4 |     3 ||     7
       Potion            |       |     1 ||     1
  Eat: Chunk             |     1 |     2 ||     3
       Ration            |       |     1 ||     1
Armor: Scale mail        |    53 |    86 ||   139
Dodge: Dodged            |    49 |    52 ||   101
Block: Shield            |    53 |    86 ||   139
